 Dungeon Crawl Stone Soup version 0.29.1-14-g9c671dbff4 (webtiles) character file.

Game seed: 9344366292522020617

664 Dvallin the Thaumaturge (level 7, 0/51 HPs)
             Began as a Gnoll Wanderer on Feb 20, 2023.
             Was an Initiate of Cheibriados.
             Slain by a black bear (5 damage)
             ... on level 6 of the Dungeon.
             The game lasted 00:13:46 (5704 turns).

Dvallin the Thaumaturge (Gnoll Wanderer)            Turns: 5704, Time: 00:13:47

Health: 0/51       AC: 10    Str: 16    XL:     7   Next: 57%
Magic:  20/20      EV: 11    Int: 12    God:    Cheibriados [......]
Gold:   271        SH:  5    Dex: 17    Spells: 24/25 levels left

rFire   + + .      SeeInvis .   f - +2 hand axe (vorpal)
rCold   x . .      Faith    .   d - +0 buckler
rNeg    . . .      Spirit   .   a - +0 fire dragon scales
rPois   +          Reflect  .   (no helmet)
rElec   .          Harm     .   b - +0 cloak
rCorr   +          Rampage  .   (no gloves)
Will    .....                   (no boots)
Stlth   ++........              (no amulet)
HPRegen 0.17/turn               E - ring of Amorality {rCorr Dex+6 Stlth+}
MPRegen 0.17/turn               r - ring of poison resistance

@: very slow
A: fangs 1, strong nose, distributed training
a: Renounce Religion


You were on level 6 of the Dungeon.
You worshipped Cheibriados.
Cheibriados was noncommittal.
You visited 2 branches of the dungeon, and saw 7 of its levels.

You collected 271 gold pieces.

Inventory:

Hand Weapons
 f - a +2 vorpal hand axe (weapon)
 F - a +1 war axe of freezing
Missiles
 s - 9 poisoned darts
Armour
 a - +0 fire dragon scales (worn)
 b - a +0 cloak (worn)
 d - a +0 buckler (worn)
Jewellery
 e - a +6 ring of dexterity
 r - a ring of poison resistance (right hand)
 E - the ring of Amorality (left hand) {rCorr Dex+6 Stlth+}
   (You found it on level 5 of the Dungeon)

   [ring of dexterity]

   Dex:       It affects your dexterity (+6).
   rCorr:     It protects you from acid and corrosion.
   Stlth:     It makes you more stealthy.
Wands
 p - a wand of digging (6)
 D - a wand of flame (4)
 G - a wand of roots (3)
 I - a wand of paralysis (12)
Scrolls
 g - 2 scrolls of enchant weapon {unknown}
 h - 2 scrolls of identify {unknown}
 m - a scroll of silence {unknown}
 n - a scroll of amnesia {unknown}
 o - a scroll of noise {unknown}
 t - 2 scrolls of fear {unknown}
 v - a scroll of immolation {unknown}
 w - a scroll of teleportation {unknown}
 x - 2 scrolls of vulnerability {unknown}
 y - a scroll of magic mapping {unknown}
 z - a scroll of summoning {unknown}
 A - a scroll of enchant armour {unknown}
 H - a scroll of fog {unknown}
 J - a scroll of blinking {unknown}
Potions
 c - a potion of haste
 i - 5 potions of curing {unknown}
 j - 3 potions of heal wounds {unknown}
 k - 5 potions of resistance {unknown}
 l - a potion of brilliance {unknown}
 q - a potion of lignification {unknown}
 u - 2 potions of magic {unknown}
 B - a potion of mutation {unknown}
 C - 2 potions of degeneration {unknown}


   Skills:
 + Level 2.7 Fighting
 + Level 2.7 Short Blades
 + Level 2.7 Long Blades
 + Level 5.3 Axes
 + Level 2.7 Maces & Flails
 + Level 2.7 Polearms
 + Level 2.7 Staves
 + Level 2.7 Ranged Weapons
 + Level 2.7 Throwing
 + Level 2.7 Armour
 + Level 5.3 Dodging
 + Level 2.7 Stealth
 + Level 2.7 Shields
 + Level 2.7 Unarmed Combat
 + Level 9.7 Spellcasting
 + Level 2.2 Conjurations
 + Level 2.2 Hexes
 + Level 2.2 Summonings
 + Level 2.2 Necromancy
 + Level 2.2 Translocations
 + Level 2.2 Transmutations
 + Level 2.2 Fire Magic
 + Level 2.2 Ice Magic
 + Level 2.2 Air Magic
 + Level 2.2 Earth Magic
 + Level 2.2 Poison Magic
 + Level 3.0 Invocations
 + Level 3.8 Evocations


You had 24 spell levels left.
You knew the following spells:

 Your Spells              Type           Power      Damage    Failure   Level
a - Magic Dart            Conj           44%        1d5       30%         1

Your spell library contained the following spells:

 Spells                   Type           Power      Damage    Failure   Level
 Apportation              Tloc           22%        N/A       30%         1
 Sandblast                Erth           22%        2d7       30%         1
 Call Canine Familiar     Summ           11%        N/A       67%         3
 Tukima's Dance           Hex            11%        N/A       67%         3
 Leda's Liquefaction      Hex/Erth       5%         N/A       97%         4
 Olgreb's Toxic Radiance  Pois           11%        N/A       97%         4
 Summon Lightning Spire   Summ/Air       11%        N/A       97%         4
 Summon Forest            Summ/Tloc      5%         N/A       100%        5
 Summon Cactus Giant      Summ           5%         N/A       100%        6
 Ozocubu's Refrigeration  Ice            5%         4d8       100%        7
 Discord                  Hex            5%         N/A       100%        8
 Ignition                 Fire           5%         3d4       100%        8
 Shatter                  Erth           5%         3d8*      100%        9


Dungeon Overview and Level Annotations

Branches:
Dungeon (6/15)             Temple (1/1) D:4

Altars:
Ashenzari
Cheibriados
Elyvilon
Fedhas
Hepliaklqana
Kikubaaqudgha
Makhleb
Nemelex Xobeh
Ru
Uskayaw
Vehumet
Wu Jian
Xom
Yredelemnul
The Shining One


Innate Abilities, Weirdness & Mutations

You have very sharp teeth.
Your uncanny sense of smell can sniff out nearby items.
Your experience applies equally to all skills.


Message History

The curare-tipped dart hits you.
The kobold brigand throws a curare-tipped dart.
The curare-tipped dart hits you.
The kobold brigand throws a curare-tipped dart.
The curare-tipped dart misses you.
You closely miss the black bear.
The black bear is moderately wounded.
The black bear bites you but does no damage.
The black bear barely misses you.
The black bear claws you but does no damage.
You barely miss the black bear.
The black bear is moderately wounded.
The black bear bites you but does no damage.
The black bear claws you but does no damage.
You block the black bear's attack.
You hit the black bear.
You bite the black bear, but do no damage.
The black bear is moderately wounded.
The black bear barely misses you. The black bear claws you.
The black bear barely misses you.
You closely miss the black bear. Your bite misses the black bear.
The black bear is moderately wounded.
The black bear bites you. The black bear claws you. x2
* * * LOW HITPOINT WARNING * * *
You slash the black bear! Your bite misses the black bear.
The black bear is severely wounded.
The black bear goes berserk!
You hit the black bear. You bite the black bear.
The black bear is almost dead.
You block the black bear's attack.
The black bear claws you but does no damage.
You block the black bear's attack.
You hit the black bear.
The black bear is almost dead.
The black bear completely misses you.
The black bear claws you but does no damage.
The black bear closely misses you. The black bear bites you!
* * * LOW HITPOINT WARNING * * *
The black bear claws you.
You die...

........# ..< ........#
...... ........# .....#
........### ....#
..........### #...#
....(..##...#####...#
.......####....#...#
.......# ####....# ......##
###@## ......# ##h##
####### #KK## # ##..# ###
##.# ..############
#.).)......
......<..........?.........
..............>............
...........................


You could see a black bear (berserk), a kobold brigand and a kobold.

Vanquished Creatures
  3 scorpions
  2 jellies
  A hound (D:4)
  An orc priest (D:5)
  Ijyb (D:4)
  3 iguanas
  4 gnolls (D:2)
  12 adders
  An ufetubus (D:5)
  3 worms
  3 dart slugs
  7 orcs
  3 ball pythons
  4 bats
  7 endoplasms
  2 giant cockroaches
  11 goblins
  5 hobgoblins
  8 jackals
  11 kobolds
  4 quokkas
  5 frilled lizards
  4 rats
105 creatures vanquished.

Notes
Turn   | Place    | Note
-------+----------+-------------------------------------------
     0 | D:1      | Reached skill level 9 in Spellcasting
     0 | D:1      | Dvallin the Gnoll Wanderer began the quest for the Orb.
     0 | D:1      | Dvallin set off with the following items: a +0 hand axe, a
                  | +0 cloak, a potion of haste, a +0 leather armour; and the
                  | following spells available to memorise: Apportation, Magic
                  | Dart, Sandblast, Call Canine Familiar.
     0 | D:1      | Reached XP level 1. HP: 13/13 MP: 10/10
     2 | D:1      | Learned a level 1 spell: Magic Dart
   280 | D:1      | Reached XP level 2. HP: 19/19 MP: 7/12
   770 | D:1      | Reached XP level 3. HP: 25/25 MP: 13/13
   908 | D:1      | Reached skill level 1 in Invocations
   936 | D:2      | Reached skill level 1 in Fighting
   936 | D:2      | Reached skill level 1 in Short Blades
   936 | D:2      | Reached skill level 1 in Long Blades
   936 | D:2      | Reached skill level 1 in Maces & Flails
   936 | D:2      | Reached skill level 1 in Polearms
   936 | D:2      | Reached skill level 1 in Staves
   936 | D:2      | Reached skill level 1 in Ranged Weapons
   936 | D:2      | Reached skill level 1 in Throwing
   936 | D:2      | Reached skill level 1 in Armour
   936 | D:2      | Reached skill level 1 in Stealth
   936 | D:2      | Reached skill level 1 in Shields
   936 | D:2      | Reached skill level 1 in Unarmed Combat
   938 | D:2      | Reached XP level 4. HP: 22/32 MP: 15/15
  1243 | D:2      | Reached skill level 1 in Conjurations
  1243 | D:2      | Reached skill level 1 in Hexes
  1243 | D:2      | Reached skill level 1 in Summonings
  1243 | D:2      | Reached skill level 1 in Necromancy
  1243 | D:2      | Reached skill level 1 in Translocations
  1243 | D:2      | Reached skill level 1 in Transmutations
  1243 | D:2      | Reached skill level 1 in Fire Magic
  1243 | D:2      | Reached skill level 1 in Ice Magic
  1243 | D:2      | Reached skill level 1 in Air Magic
  1243 | D:2      | Reached skill level 1 in Earth Magic
  1243 | D:2      | Reached skill level 1 in Poison Magic
  1439 | D:2      | Reached XP level 5. HP: 35/37 MP: 16/16
  1750 | D:2      | Found a faded altar of an unknown god.
  2501 | D:3      | Found a basalt altar of Yredelemnul.
  3484 | D:4      | Reached XP level 6. HP: 41/44 MP: 16/18
  3516 | D:4      | Got the Monograph on the Oath and Terrain
  3528 | D:4      | Reached skill level 5 in Axes
  3528 | D:4      | Reached skill level 5 in Dodging
  4030 | D:4      | Noticed Ijyb
  4055 | D:4      | Killed Ijyb
  4279 | D:4      | Found an ancient bone altar of Kikubaaqudgha.
  4334 | D:4      | Found a staircase to the Ecumenical Temple.
  4339 | Temple   | Entered the Ecumenical Temple
  4491 | Temple   | Became a worshipper of Cheibriados the Contemplative
  4631 | D:4      | Reached XP level 7. HP: 50/50 MP: 20/20
  4793 | D:5      | Entered Level 5 of the Dungeon
  5162 | D:5      | Identified the ring of Amorality {rCorr Dex+6 Stlth+}
  5239 | D:5      | Got Asoy's Papyrus of Vexing Formation
  5704 | D:6      | Slain by a black bear

Illustrated notes

Levels and vault maps discovered:
D:1:      evilmike_arrival_crescent, layout_loops_corners
D:2:      layout_basic, hellmonk_ecumenical_altar_arch_garden,
          minmay_pentomino_v2
D:3:      layout_basic, mainiacjoe_overflow_boulevard,
          corexii_item_surrounded_by_moat, mrwooster_statue_mirror
D:4:      layout_loops_ring, overflow_temple_1_default, temple_doors_cd,
          uniq_ijyb
D:5:      layout_basic
D:6:      layout_cave_pods, minmay_quadrilaterals, uniq_maggie
Temple:   hellmonk_temple_forest_ring

Skill      XL: |  1  2  3  4  5  6  7 |
---------------+----------------------+-----
Spellcasting   | |  9.7
Invocations    | 1 2 3 |  3.0
Fighting       | 1 2 |  2.7
Short Blades   | 1 2 |  2.7
Long Blades    | 1 2 |  2.7
Maces & Flails | 1 2 |  2.7
Polearms       | 1 2 |  2.7
Staves         | 1 2 |  2.7
Ranged Weapons | 1 2 |  2.7
Throwing       | 1 2 |  2.7
Armour         | 1 2 |  2.7
Stealth        | 1 2 |  2.7
Shields        | 1 2 |  2.7
Unarmed Combat | 1 2 |  2.7
Conjurations   | 1 2 |  2.2
Hexes          | 1 2 |  2.2
Summonings     | 1 2 |  2.2
Necromancy     | 1 2 |  2.2
Translocations | 1 2 |  2.2
Transmutations | 1 2 |  2.2
Fire Magic     | 1 2 |  2.2
Ice Magic      | 1 2 |  2.2
Air Magic      | 1 2 |  2.2
Earth Magic    | 1 2 |  2.2
Poison Magic   | 1 2 |  2.2
Evocations     | 3 |  3.8
Axes           | 5 |  5.3
Dodging        | 5 |  5.3

Action                   |  1- 3 |  4- 6 |  7- 9 || total
-------------------------+-------+-------+-------++-------
Melee: Hand axe          |    68 |   223 |    67 ||   358
       Bite              |     2 |    18 |     9 ||    29
 Cast: Magic Dart        |     4 |       |       ||     4
 Stab: Distracted        |       |       |     1 ||     1
Armor: Fire dragon scale |    27 |    73 |    24 ||   124
Dodge: Dodged            |    36 |    94 |    38 ||   168
Block: Buckler           |    13 |    45 |    20 ||    78
